 Dungeon Crawl Stone Soup version 0.29.0-4-gdea44cf6ec (webtiles) character file.

Game seed: 3026022912225081130

1486 qw the Chopper (level 8, -3/50 HPs)
             Began as a Gargoyle Fighter on Sept 10, 2022.
             Slain by a gargoyle
             ... wielding a +0 mace
              (10 damage)
             ... on level 6 of the Dungeon.
             The game lasted 00:01:27 (4440 turns).

qw the Chopper (Gargoyle Fighter)                   Turns: 4440, Time: 00:01:27

Health: -3/50      AC: 17    Str: 22    XL:     8   Next: 80%
Magic:  8/8        EV:  8    Int:  9    God:
Gold:   205        SH:  4    Dex:  9    Spells: 7/7 levels left

rFire   . . .      SeeInvis +   Y - +0 war axe (venom)
rCold   . . .      Faith    .   c - +0 buckler
rNeg    + . .      Spirit   .   o - +0 chain mail
rPois   inf        Reflect  .   g - +1 helmet
rElec   +          Harm     .   k - +2 cloak
rCorr   .          Rampage  .   (no gloves)
Will    .....                   s - +0 pair of boots
Stlth   ..........              w - amulet of regeneration
HPRegen 0.00/turn               r - ring of see invisible
MPRegen 0.11/turn               (no ring)

@: inhibited regen
A: sickness immunity, AC +5, negative energy resistance 1, electricity
resistance, torment resistance 1, petrification resistance, deformed body,
inhibited regeneration
a: no special abilities


You were on level 6 of the Dungeon.
You visited 2 branches of the dungeon, and saw 7 of its levels.

You collected 364 gold pieces.
You spent 159 gold pieces at shops.


Innate Abilities, Weirdness & Mutations

You are immune to sickness and miasma.
Your stone body is resilient. (AC +5)
You are immune to poison.
You resist negative energy. (rN+)
You are resistant to electric shocks. (rElec)
You are resistant to unholy torment.
You are immune to petrification.
Armour fits poorly on your strangely shaped body.
You do not regenerate when monsters are visible.


   Skills:
 - Level 5.5 Fighting
 + Level 7.8 Axes
 - Level 2.6 Throwing
 - Level 4.5 Armour
 - Level 2.0 Dodging
 - Level 3.2 Shields


You had 7 spell levels left.
You didn't know any spells.
Your spell library was empty.

Inventory:

Hand Weapons
 i - a +0 mace
 Y - a +0 war axe of venom (weapon)
Missiles
 j - 2 javelins (quivered)
 v - 6 boomerangs of dispersal
Armour
 c - a +0 buckler (worn)
 g - a +1 helmet (worn)
 k - a +2 cloak (worn)
 o - a +0 chain mail (worn)
 s - a +0 pair of boots (worn)
Jewellery
 h - a ring of fire
 r - a ring of see invisible (left hand)
 w - an amulet of regeneration (around neck)
Scrolls
 l - 2 scrolls of fog
 t - 2 scrolls of identify
Potions
 a - a potion of cancellation {unknown}
 d - a potion of might
 e - a potion of attraction {unknown}
 f - 3 potions of haste
 m - a potion of degeneration {unknown}
 n - 4 potions of curing
 p - a potion of resistance {unknown}
 u - a potion of flight {unknown}

Dungeon Overview and Level Annotations

Branches:
Dungeon (6/15)             Temple (1/1) D:4

Altars:
Ashenzari
Cheibriados
Dithmenos
Elyvilon
Fedhas
Hepliaklqana
Kikubaaqudgha
Makhleb
Nemelex Xobeh
Ru
Sif Muna
Trog
Uskayaw
Wu Jian
Yredelemnul
Zin

Shops:
D:2 (   D:4 =   D:5 [


Message History

The troll closely misses you. The troll barely misses you. x2
You barely miss the troll.
The troll is heavily wounded.
The sentinel's mark upon you fades away.
An orc comes into view.
It is wielding a +0 short sword of speed.
The troll bites you!
The troll claws you but does no damage. x2
4433 ||| DRINKING potion of heal wounds.
You feel much better. The troll bites you. The troll barely misses you.
The troll completely misses you.
You slash the troll!
The troll looks as sick as possible!
The troll is severely wounded.
The troll bites you. The troll claws you but does no damage.
The troll barely misses you. The troll bites you. You block the troll's attack.
The troll closely misses you.
You hit the troll.
The troll looks as sick as possible!
The troll is almost dead.
A phantom comes into view.
You block the troll's attack. The troll claws you but does no damage.
The troll closely misses you.
A scorpion comes into view.
You hit the troll.
The troll looks as sick as possible!
The troll is almost dead.
The troll bites you but does no damage. The troll claws you but does no damage.
You block the troll's attack.
You hit the troll but do no damage.
The troll looks as sick as possible!
The troll is almost dead.
You kill the troll!
The troll leather armour is intact enough to wear.
You slash the gargoyle!
The gargoyle is moderately damaged.
The gargoyle barely misses you.
You hit the gargoyle.
The gargoyle is heavily damaged.
The gargoyle hurls a stone arrow at you.
The stone arrow hits you!!
You hit the gargoyle but do no damage.
The gargoyle is heavily damaged.
The gargoyle hits you with a +0 mace!
You die...

#.#.. .#($## ....# #.#
#...? #. #.. .$.## #.#
#.# ... #.# #.# #.# #.
#.# #.## #@# ..# ..##.#
#..# #9###>... ..##.#
#..# #oW..).#
..##.####.<#####os##9##
..##..............#
..#......).#####..#
..#.######.# #..#
..#.### #.# #..#
......# #.# #...


You could see a gargoyle, a phantom, a scorpion and 2 orcs.

Vanquished Creatures
  A troll (D:6)
  Sigmund (D:4)
  Menkaure (D:4)
  An ice beast (D:5)
  2 black bears
  3 ogres
  A phantom (D:5)
  A bullfrog (D:6)
  3 scorpions
  An orc priest (D:4)
  Robin (D:4)
  3 gnolls (D:3)
  3 adders
  A shadow imp (D:5)
  A white imp (D:5)
  An ufetubus (D:6)
  2 dart slugs
  7 orcs
  2 endoplasms
  2 giant cockroaches
  14 goblins
  3 hobgoblins
  5 quokkas
  2 ball pythons (D:1)
  9 bats
  3 frilled lizards
  2 kobolds (D:4)
  7 rats
83 creatures vanquished.

Notes
Turn   | Place    | Note
-------+----------+-------------------------------------------
     0 | D:1      | qw the Gargoyle Fighter began the quest for the Orb.
     0 | D:1      | Reached XP level 1. HP: 14/14 MP: 1/1
     0 | D:1      | 0 ||| qw: Version: 0.1-a-116-g5d60599
     0 | D:1      | 0 ||| qw: Game counter: 7660
     0 | D:1      | 0 ||| qw: Always use a shield: true
     0 | D:1      | 0 ||| qw: God list: Okawaru
     0 | D:1      | 0 ||| qw: Allow faded altars: false
     0 | D:1      | 0 ||| qw: Do Orc after D:15 true
     0 | D:1      | 0 ||| qw: Do second Lair branch before Depths: true
     0 | D:1      | 0 ||| qw: Lair rune preference: random
     0 | D:1      | 0 ||| qw: Plans: Normal, Zot, God:TSO, Crypt, Tomb, Zig,
                  | Orb
     0 | D:1      | 0 ||| PLANNING D:1-11
    19 | D:1      | Reached skill level 2 in Axes
   216 | D:1      | Reached XP level 2. HP: 19/19 MP: 2/2
   418 | D:1      | 418 ||| Stepping ~*~*~tactically~*~*~ (hiding).
   420 | D:1      | 420 ||| Stepping ~*~*~tactically~*~*~ (hiding).
   689 | D:1      | 689 ||| READING 3 scrolls labelled JOSHOS FEOTOSS.
   690 | D:1      | 690 ||| DRINKING 2 emerald potions.
   691 | D:1      | 691 ||| DROPPING 2 scrolls of immolation.
   744 | D:2      | Found a faded altar of an unknown god.
   756 | D:2      | 756 ||| Stepping ~*~*~tactically~*~*~ (stealth).
   830 | D:2      | Reached skill level 3 in Axes
   936 | D:2      | Found Fuhacuakk's Weapon Shop.
   947 | D:2      | 947 ||| BUYING +0 mace (33 gold).
   947 | D:2      | Bought a +0 mace for 33 gold pieces
   947 | D:2      | 947 ||| SHOPLISTING +11 morningstar "Mifad" {vorpal, Str+7}
                  | (909 gold, have 74).
   947 | D:2      | 947 ||| SHOPLISTING +4 mace of protection (281 gold, have
                  | 74).
  1009 | D:2      | Reached XP level 3. HP: 23/23 MP: 3/3
  1450 | D:2      | 1450 ||| READING scroll labelled AXTOVY FOROFFUCH.
  1453 | D:2      | 1453 ||| READING scroll labelled IWEFRO UFOPYUT.
  1454 | D:2      | 1454 ||| READING scroll labelled JOTEXU FOPIR.
  1455 | D:2      | 1455 ||| READING 2 scrolls labelled MEGITU TISCH.
  1456 | D:2      | 1456 ||| READING scroll labelled CIETIH UXYO.
  1457 | D:2      | 1457 ||| READING 3 scrolls labelled VEMEMIBYTU.
  1458 | D:2      | 1458 ||| DRINKING 2 purple potions.
  2094 | D:3      | 2094 ||| Stepping ~*~*~tactically~*~*~ (stealth).
  2095 | D:3      | 2095 ||| Stepping ~*~*~tactically~*~*~ (stealth).
  2104 | D:3      | Reached XP level 4. HP: 11/28 MP: 4/4
  2106 | D:3      | Reached skill level 4 in Axes
  2345 | D:3      | Found a sacrificial altar of Ru.
  2455 | D:3      | 2455 ||| UPGRADING to +0 cloak.
  2460 | D:3      | 2460 ||| READING 3 scrolls of enchant armour.
  2460 | D:3      | 2460 ||| ENCHANTING +0 cloak.
  2461 | D:3      | 2461 ||| READING 2 scrolls of enchant armour.
  2461 | D:3      | 2461 ||| ENCHANTING +1 cloak.
  2462 | D:3      | 2462 ||| DROPPING amulet of faith.
  2463 | D:3      | 2463 ||| UPGRADING to ring of see invisible.
  2464 | D:3      | 2464 ||| READING scroll labelled DUKKOM MOITOSCH.
  2465 | D:3      | 2465 ||| READING scroll labelled JAXUROTZIS.
  2466 | D:3      | 2466 ||| READING scroll labelled NYCLICKOPS.
  2467 | D:3      | 2467 ||| DRINKING 3 golden potions.
  2535 | D:4      | Noticed a scorpion
  2542 | D:4      | Killed a scorpion
  2543 | D:4      | Reached XP level 5. HP: 28/32 MP: 5/5
  2591 | D:4      | 2591 ||| Stepping ~*~*~tactically~*~*~ (stealth).
  2593 | D:4      | Noticed Robin
  2594 | D:4      | 2594 ||| Stepping ~*~*~tactically~*~*~ (stealth).
  2598 | D:4      | 2598 ||| Stepping ~*~*~tactically~*~*~ (stealth).
  2614 | D:4      | Killed Robin
  2615 | D:4      | Reached skill level 5 in Axes
  2649 | D:4      | Found a staircase to the Ecumenical Temple.
  2650 | D:4      | 2650 ||| PLANNING TEMPLE
  2650 | D:4      | 2650 ||| UPGRADING to +0 helmet.
  2655 | D:4      | 2655 ||| READING scroll of enchant armour.
  2655 | D:4      | 2655 ||| ENCHANTING +0 helmet.
  2656 | D:4      | 2656 ||| READING scroll labelled BIHUOT LETATZ.
  2657 | D:4      | 2657 ||| DRINKING 2 murky silvery potions.
  2657 | D:4      | Gained mutation: You have large cloven feet. [potion of
                  | mutation]
  2657 | D:4      | Gained mutation: You are dopey. (Int -2) [potion of
                  | mutation]
  2657 | D:4      | Gained mutation: You do not regenerate when monsters are
                  | visible. [potion of mutation]
  2658 | D:4      | 2658 ||| DRINKING potion of mutation.
  2658 | D:4      | Lost mutation: You have large cloven feet. [potion of
                  | mutation]
  2658 | D:4      | Lost mutation: You are dopey. (Int -2) [potion of mutation]
  2658 | D:4      | Gained mutation: Armour fits poorly on your strangely
                  | shaped body. [potion of mutation]
  2665 | Temple   | Entered the Ecumenical Temple
  2735 | Temple   | 2735 ||| PLANNING D:1-11
  2754 | D:4      | 2754 ||| DROPPING +0 vorpal war axe.
  2769 | D:4      | 2769 ||| Stepping ~*~*~tactically~*~*~ (stealth).
  2796 | D:4      | Noticed Sigmund
  2803 | D:4      | Killed Sigmund
  2804 | D:4      | Reached XP level 6. HP: 30/40 MP: 6/6
  2897 | D:4      | 2897 ||| Stepping ~*~*~tactically~*~*~ (hiding).
  3008 | D:4      | Noticed Menkaure
  3009 | D:4      | 3009 ||| Stepping ~*~*~tactically~*~*~ (hiding).
  3011 | D:4      | 3011 ||| FLEEEEING.
  3012 | D:4      | 3012 ||| FLEEEEING.
  3013 | D:4      | 3013 ||| FLEEEEING.
  3013 | D:4      | Noticed a black bear
  3023 | D:4      | Killed a black bear
  3024 | D:4      | Reached skill level 1 in Throwing
  3024 | D:4      | HP: 10/40 [Menkaure/nerve-wracking pain (1)]
  3025 | D:4      | 3025 ||| DRINKING 3 potions of heal wounds.
  3029 | D:4      | HP: 10/40 [Menkaure/nerve-wracking pain (4)]
  3030 | D:4      | 3030 ||| DRINKING 2 potions of heal wounds.
  3031 | D:4      | Killed Menkaure
  3032 | D:4      | Reached XP level 7. HP: 44/44 MP: 7/7
  3071 | D:4      | Found Watt's Jewellery Emporium.
  3077 | D:4      | 3077 ||| SHOPLISTING +4 ring of evasion (360 gold, have
                  | 166).
  3077 | D:4      | 3077 ||| SHOPLISTING +6 ring of dexterity (360 gold, have
                  | 166).
  3077 | D:4      | 3077 ||| SHOPLISTING amulet of guardian spirit (300 gold,
                  | have 166).
  3077 | D:4      | 3077 ||| SHOPLISTING amulet of regeneration (300 gold, have
                  | 166).
  3077 | D:4      | 3077 ||| SHOPLISTING ring of Dishonour {Int+6 Dex+3} (493
                  | gold, have 166).
  3077 | D:4      | 3077 ||| SHOPLISTING ring of fire (250 gold, have 166).
  3093 | D:4      | 3093 ||| Stepping ~*~*~tactically~*~*~ (stealth).
  3094 | D:4      | 3094 ||| Stepping ~*~*~tactically~*~*~ (stealth).
  3095 | D:4      | 3095 ||| Stepping ~*~*~tactically~*~*~ (stealth).
  3098 | D:4      | 3098 ||| Stepping ~*~*~tactically~*~*~ (stealth).
  3105 | D:4      | 3105 ||| Stepping ~*~*~tactically~*~*~ (stealth).
  3107 | D:4      | 3107 ||| Stepping ~*~*~tactically~*~*~ (stealth).
  3108 | D:4      | 3108 ||| Stepping ~*~*~tactically~*~*~ (stealth).
  3109 | D:4      | 3109 ||| Stepping ~*~*~tactically~*~*~ (stealth).
  3110 | D:4      | 3110 ||| Stepping ~*~*~tactically~*~*~ (stealth).
  3444 | D:4      | 3444 ||| READING scroll labelled GYREUQ ZAYR.
  3463 | D:5      | Entered Level 5 of the Dungeon
  3532 | D:5      | Found Cuir Ruw's Armour Shop.
  3583 | D:5      | 3583 ||| BUYING +0 chain mail (63 gold).
  3583 | D:5      | Bought a +0 chain mail for 63 gold pieces
  3583 | D:5      | 3583 ||| BUYING +0 pair of boots (63 gold).
  3583 | D:5      | Bought a +0 pair of boots for 63 gold pieces
  3583 | D:5      | 3583 ||| SHOPLISTING +0 pair of gloves (63 gold, have 40).
  3583 | D:5      | 3583 ||| SHOPLISTING +0 plate armour (322 gold, have 40).
  3583 | D:5      | 3583 ||| SHOPLISTING +0 tower shield of the Old and
                  | Reckless {Str-4 Int+9 Dex+3} (396 gold, have 40).
  3803 | D:5      | 3803 ||| Stepping ~*~*~tactically~*~*~ (hiding).
  3810 | D:5      | Reached skill level 6 in Axes
  3810 | D:5      | 3810 ||| Stepping ~*~*~tactically~*~*~ (hiding).
  4006 | D:5      | Reached XP level 8. HP: 50/50 MP: 8/8
  4192 | D:5      | Found a white marble altar of Elyvilon.
  4254 | D:5      | 4254 ||| UPGRADING to +0 chain mail.
  4264 | D:5      | 4264 ||| DROPPING +0 scale mail.
  4265 | D:5      | 4265 ||| UPGRADING to +0 pair of boots.
  4270 | D:5      | 4270 ||| UPGRADING to amulet of regeneration.
  4418 | D:6      | Reached skill level 7 in Axes
  4425 | D:6      | Noticed a troll
  4428 | D:6      | Noticed a gargoyle
  4429 | D:6      | 4429 ||| Stepping ~*~*~tactically~*~*~ (hiding).
  4432 | D:6      | HP: 7/50 [troll (9)]
  4433 | D:6      | 4433 ||| DRINKING potion of heal wounds.
  4437 | D:6      | Killed a troll
  4439 | D:6      | HP: 7/50 [gargoyle/stone arrow (18)]
  4440 | D:6      | Slain by a gargoyle

Levels and vault maps discovered:
D:1:      minmay_arrival_checkered_box, layout_basic
D:2:      layout_basic, serial_shops, nicolae_shop_advertising_works
          [nicolae_subvault_shop_adworks], basic_ecumenical_altar
D:3:      layout_basic, mainiacjoe_overflow_concentric_impassable
D:4:      layout_basic, minmay_temple_entry_arrows, serial_shops, shop,
          chequers_avenue, uniq_sigmund, uniq_menkaure, uniq_robin
D:5:      layout_loops_ring, amcnicky_altar_gilded, serial_shops,
          nicolae_shop_crystal
D:6:      layout_loops_ring, minmay_three_doors
Temple:   compressed_dpeg_circular_temple

Skill      XL: |  1  2  3  4  5  6  7  8 |
---------------+-------------------------+-----
Axes           | 2 3 4 5 6 7 |  7.8
Fighting       | 5 |  5.5
Throwing       | 1 2 |  2.6
Dodging        | 2 |  2.0
Armour         | 4 |  4.5
Shields        | |  3.2

Action                   |  1- 3 |  4- 6 |  7- 9 || total
-------------------------+-------+-------+-------++-------
Melee: War axe           |   118 |    58 |    62 ||   238
Throw: Javelin           |       |     3 |    12 ||    15
  Use: Scroll            |     7 |     7 |     1 ||    15
       Potion            |     2 |     5 |     1 ||     8
Armor: Scale mail        |    70 |    30 |    15 ||   115
       Chain mail        |       |       |    15 ||    15
Dodge: Dodged            |    61 |    30 |    31 ||   122
Block: Buckler           |    24 |     5 |     9 ||    38

Table legend:
 A = Non-vault XP
 B = Vault XP
 C = Vault XP percentage of total XP
 D = Non-vault monster count
 E = Vault monster count
 F = Vault count percentage of total count
                 A         B        C        D         E       F
            +---------+---------+-------+---------+---------+-------
      Total |    1384 |     740 |  34.8 |      68 |      15 |  18.1
            +---------+---------+-------+---------+---------+-------
        D:1 |      27 |       0 |   0.0 |      18 |       0 |   0.0
        D:2 |      27 |       0 |   0.0 |       9 |       0 |   0.0
        D:3 |      69 |       0 |   0.0 |      13 |       0 |   0.0
        D:4 |     240 |     428 |  64.1 |      11 |      14 |  56.0
        D:5 |     593 |       0 |   0.0 |       9 |       0 |   0.0
        D:6 |     428 |     312 |  42.2 |       8 |       1 |  11.1
            +---------+---------+-------+---------+---------+-------
